 Dungeon Crawl Stone Soup version 0.30-a0-800-g7c544603b3 (webtiles) character file.

Game seed: 9796931471033039024

127 dialectric the Trooper (level 4, -1/36 HPs)
             Began as a Demonspawn Fighter on Feb 22, 2023.
             Slain by a kobold brigand
             ... wielding a +0 short sword
              (2 damage)
             ... in a sewer.
             The game lasted 00:02:33 (2150 turns).

dialectric the Trooper (Demonspawn Fighter)         Turns: 2150, Time: 00:02:33

Health: -1/36      AC:  8    Str: 18    XL:     4   Next: 85%
Magic:  4/4        EV:  9    Int: 10    God:
Gold:   71         SH:  0    Dex: 12    Spells: 3/3 levels left

rFire   . . .      SeeInvis .    a - +0 flail
rCold   . . .      Faith    .    (no shield)
rNeg    . . .      Spirit   .    b - +0 scale mail
rPois   .          Reflect  .    (no helmet)
rElec   .          Harm     .    (no cloak)
rCorr   .          Rampage  .    (no gloves)
Will    .....                    (no boots) Stlth
                                 (no amulet)
HPRegen 0.00/turn                (no ring)
MPRegen 0.09/turn                (no ring)

@: inhibited regen
A: hooves 1, sharp scales 2, inhibited regeneration
a: no special abilities


You were in a sewer.
You visited 1 branch of the dungeon, and saw 4 of its levels.
You also visited: Sewer.

You collected 71 gold pieces.

Inventory:

Hand Weapons
 a - a +0 flail (weapon)
Missiles
 p - 4 poisoned darts (quivered)
Armour
 b - a +0 scale mail (worn)
 c - a +0 buckler
Jewellery
 i - a ring of wizardry
Scrolls
 e - 2 scrolls of blinking {unknown}
 f - 3 scrolls of identify {unknown}
 h - a scroll of fear {unknown}
 j - a scroll of torment {unknown}
 k - a scroll of enchant armour {unknown}
 m - a scroll of summoning {unknown}
Potions
 d - a potion of might
 g - a potion of haste
 l - a potion of heal wounds
 n - a potion of curing {unknown}
 o - a potion of cancellation {unknown}


   Skills:
 + Level 3.6 Fighting
 * Level 3.2 Maces & Flails
 + Level 3.3 Armour
 + Level 0.9 Dodging
 + Level 0.6 Stealth
 + Level 2.8 Shields


You had 3 spell levels left.
You didn't know any spells.
Your spell library contained the following spells:

 Spells                   Type           Power      Damage    Failure   Level
 Cigotuvi's Dreadful Rot  Necr/Pois/Air  0%         N/A       87%         2
 Poisonous Vapours        Pois/Air       0%         N/A       87%         2
 Mephitic Cloud           Conj/Pois/Air  0%         N/A       98%         3


Dungeon Overview and Level Annotations

Branches:
Dungeon (4/15)              Sewer (1/1)
 Temple: D:4-7

Altars:

Shops:
D:2 *


Innate Abilities, Weirdness & Mutations

You have large cloven feet.
You are mostly covered in razor-sharp scales. (AC +2, Slay +2)
You do not regenerate when monsters are visible.


Message History

Unknown command.
You hit the kobold brigand.
The kobold brigand is lightly wounded.
You feel sick. The kobold hits you but does no damage.
The kobold brigand hits you with a +0 short sword.
The kobold hits you but does no damage.
Unknown command.
You hit the kobold.
The kobold is heavily wounded.
You feel sick. The kobold barely misses you.
The kobold brigand hits you but does no damage.
The kobold hits you but does no damage.
The kobold brigand completely misses you.
The kobold hits you but does no damage. The kobold barely misses you.
You closely miss the kobold brigand. Your kick misses the kobold brigand.
The kobold brigand is lightly wounded.
You feel sick. The kobold hits you but does no damage.
The kobold brigand hits you with a +0 short sword.
The kobold hits you but does no damage.
Unknown command.
You hit the kobold but do no damage. Your kick misses the kobold.
The kobold is heavily wounded.
You feel sick. The kobold closely misses you.
The kobold brigand hits you but does no damage.
The kobold hits you with a +0 short sword.
You hit the kobold.
You kill the kobold!
You feel sick.
You are no longer poisoned.
The kobold barely misses you.
The kobold brigand hits you with a +0 short sword.
* * * LOW HITPOINT WARNING * * *
You barely miss the kobold brigand. Your kick misses the kobold brigand.
The kobold brigand is lightly wounded.
The kobold hits you with a +2 whip of holy wrath.
* * * LOW HITPOINT WARNING * * *
You convulse.
* * * LOW HITPOINT WARNING * * *
The kobold brigand hits you with a +0 short sword.
You die...

≈ ≈≈## ####
≈≈#.[#..###### #####
≈≈#...).#....### ##....
#..K@'......####...†.
≈≈#!...K#........†...###
≈≈#!!#..#~~~..........##
≈≈## ####~~~~..##.....##
≈ ≈≈≈≈~~~~####......
≈≈≈≈≈≈≈~~~~~~##~~~~~ #
≈≈≈≈≈≈≈≈≈≈≈≈~~~~~~~~ #≈
≈≈≈≈≈≈≈≈≈≈≈≈≈≈≈≈≈≈≈~ #≈
≈≈≈≈≈≈≈≈≈≈≈≈≈≈≈≈≈≈≈≈


You could see a kobold brigand and a kobold.

Vanquished Creatures
  3 adders
  3 river rats (Sewer)
  3 worms
  2 dart slugs
  4 ball pythons
  4 endoplasms
  A giant cockroach (D:1)
  4 hobgoblins
  3 jackals (D:1)
  13 kobolds
  A quokka (D:2)
  A bat (D:1)
  2 frilled lizards
  4 goblins
  20 rats
68 creatures vanquished.

Notes
Turn   | Place    | Note
-------+----------+-------------------------------------------
     0 | D:1      | dialectric the Demonspawn Fighter began the quest for the
                  | Orb.
     0 | D:1      | Reached XP level 1. HP: 18/18 MP: 1/1
   485 | D:1      | Gained mutation: You are partially covered in razor-sharp
                  | scales. (AC +1, Slay +1) [demonic ancestry]
   485 | D:1      | Reached XP level 2. HP: 24/24 MP: 2/2
  1085 | D:2      | Found Zuiqubia's Assorted Antiques.
  1249 | D:2      | Gained mutation: You are mostly covered in razor-sharp
                  | scales. (AC +2, Slay +2) [demonic ancestry]
  1249 | D:2      | Reached XP level 3. HP: 27/29 MP: 3/3
  1353 | D:2      | You fall into a shaft and drop 2 floors!
  1589 | D:3      | Found a glowing drain.
  1608 | Sewer    | Entered a sewer
  1734 | Sewer    | Gained mutation: You have hidden genetic defects. [potion
                  | of mutation]
  1734 | Sewer    | Gained mutation: You are agile. (Dex +4, Str/Int -1)
                  | [potion of mutation]
  1742 | Sewer    | Gained mutation: You have large cloven feet. [demonic
                  | ancestry]
  1742 | Sewer    | Reached XP level 4. HP: 26/35 MP: 4/4
  1776 | Sewer    | Gained mutation: Armour fits poorly on your strangely
                  | shaped body. [hidden defects]
  1899 | Sewer    | Gained mutation: Your spells are a little easier to cast,
                  | but a little less powerful. [hidden defects]
  1899 | Sewer    | Lost mutation: You have hidden genetic defects. [hidden
                  | defects expressed]
  1996 | Sewer    | Lost mutation: You are agile. (Dex +4, Str/Int -1) [potion
                  | of mutation]
  1996 | Sewer    | Lost mutation: Your spells are a little easier to cast, but
                  | a little less powerful. [potion of mutation]
  1996 | Sewer    | Lost mutation: Armour fits poorly on your strangely shaped
                  | body. [potion of mutation]
  1996 | Sewer    | Gained mutation: You do not regenerate when monsters are
                  | visible. [potion of mutation]
  2141 | Sewer    | Noticed a kobold brigand
  2150 | Sewer    | HP: 1/36 [kobold/+2 whip of holy wrath (2)]
  2150 | Sewer    | Slain by a kobold brigand

Illustrated notes

Levels and vault maps discovered:
D:1:      dpeg_arrival_yet_another_circle, layout_basic, nicolae_hexahallways,
          minivault_19, kennysheep_doodads, minivault_24
D:2:      minmay_evil_eye, layout_basic, serial_shops, nicolae_diamond_shop,
          minivault_27, uniq_sigmund
D:3:      layout_basic, mainiacjoe_overflow_alcove_4, nicolae_vehumet_radiance,
          cheibrodos_sewer_entry_sluice
D:4:      wad_pebble_path, layout_rooms, tso_oasis_becter, uniq_natasha,
          uniq_blork_the_orc
Sewer:    sewer_minmay_treatment

Skill      XL: |  1  2  3  4 |
---------------+-------------+-----
Maces & Flails | 2 3 |  3.2
Armour         | 3 |  3.3
Fighting       | |  3.6
Dodging        | |  0.9
Stealth        | |  0.6
Shields        | |  2.8

Action                     |  1- 3 |  4- 6 || total
---------------------------+-------+-------++-------
  Melee: Flail             |   107 |    55 ||   162
         Punch             |     1 |     2 ||     3
         Kick              |       |     7 ||     7
  Throw: Dart              |     4 |       ||     4
    Use: Potion            |     4 |     1 ||     5
 Armour: Scale mail        |    62 |    57 ||   119
  Dodge: Dodged            |    58 |    63 ||   121

Table legend: (Time is in decaauts)
 A = Elapsed time spent in this place.
 B = Non-inter-level travel time spent in this place.
 C = Inter-level travel time spent in this place.
 D = Time resting spent in this place.
 E = Time spent auto-exploring this place.
 F = Levels seen in this place.
 G = Mean time per level.
                   A        B        C        D        E       F      G
               +--------+--------+--------+--------+--------+-----+--------+
         Total |   2195 |   2182 |     13 |     43 |   1619 |   5 |  439.0 |
       Dungeon |   1637 |   1624 |     13 |     43 |   1284 |   4 |  409.2 |
         Sewer |    558 |    558 |      0 |      0 |    335 |   1 |  558.0 |
               +--------+--------+--------+--------+--------+-----+--------+

Top non-repeatable levels by time:
     D:1: 1044 daAuts
   Sewer: 558 daAuts
     D:2: 326 daAuts
     D:3: 263 daAuts
     D:4: 2 daAuts
